 Dungeon Crawl Stone Soup version 0.29-a0-1008-g949cc1d0fb (webtiles) character file.

Game seed: 7149186684268446527

8330 Klosterheim the Markself (level 11, 0/85 HPs)
             Began as a Deep Elf Hunter on Aug 7, 2022.
             Was an Initiate of Gozag.
             Slain by a troll (1 damage)
             ... on level 9 of the Dungeon.
             The game lasted 00:47:53 (13766 turns).

Klosterheim the Markself (Deep Elf Hunter)         Turns: 13766, Time: 00:47:54

Health: 0/85       AC: 25    Str:  8    XL:     11   Next: 8%
Magic:  18/18      EV:  2    Int: 19    God:    Gozag
Gold:   1287       SH:  0    Dex: 18    Spells: 11/17 levels left

rFire   . . .      SeeInvis .   a - +0 shortbow
rCold   . . .      Faith    .   (shield currently unavailable)
rNeg    . . .      Spirit   .   (body armour currently unavailable)
rPois   +          Reflect  .   (helmet currently unavailable)
rElec   .          Harm     .   (cloak currently unavailable)
rCorr   .          Rampage  .   (gloves currently unavailable)
Will    +....      NoTele   +   (boots currently unavailable)
Stlth   ++++......              (no amulet)
HPRegen 0.24/turn               (no ring)
MPRegen 0.16/turn               (no ring)

@: tree-form
A: stationary, stasis, torment immunity, boosted hp
a: Renounce Religion, Potion Petition, Call Merchant, Bribe Branch


You were on level 9 of the Dungeon.
You worshipped Gozag.
Gozag was most pleased with you.
You were a tree.
You visited 3 branches of the dungeon, and saw 13 of its levels.

You collected 2026 gold pieces.
You spent 333 gold pieces at shops.
You paid 406 gold pieces to Gozag.

Inventory:

Hand Weapons
 a - a +0 shortbow (weapon)
Armour
 h - a +0 pair of gloves (melded)
 k - a +3 leather armour (melded)
 l - a +0 helmet (melded)
 q - a +0 cloak (melded)
 s - the +2 cloak "Mikk" {Rampage *Slow rN+++ rCorr}
   (You found it on level 6 of the Dungeon)

   rN:        It renders you almost immune to negative energy.
   rCorr:     It protects you from acid and corrosion.
   *Slow:     It may slow you when you take damage.
   Rampage:   It bestows one free step when moving towards enemies.
 u - a +2 pair of boots (melded)
Wands
 b - a wand of paralysis (24)
 g - a wand of iceblast (10)
 o - a wand of flame (42)
 p - a wand of mindburst (11)
 r - a wand of quicksilver (13)
 v - a wand of digging (12)
Scrolls
 i - 2 scrolls of immolation
 j - a scroll of blinking
 t - 2 scrolls of magic mapping
 y - 3 scrolls of amnesia
 A - a scroll of vulnerability {unknown}
Potions
 d - a potion of resistance {unknown}
 e - 2 potions of curing
 f - 4 potions of mutation
 m - a potion of brilliance
 n - 2 potions of attraction {unknown}
 w - 3 potions of invisibility {unknown}
 z - a potion of lignification


   Skills:
 - Level 2.0 Fighting
 - Level 16.0 Ranged Weapons
 - Level 4.0 Armour
 - Level 10.0 Dodging
 - Level 9.0 Stealth
 + Level 3.7 Spellcasting
 + Level 2.9 Translocations


You had 11 spell levels left.
You knew the following spells:

 Your Spells              Type           Power      Damage    Failure   Level
a - Dispersal             Tloc           7%         N/A       100%        6

Your spell library contained the following spells:

 Spells                   Type           Power      Damage    Failure   Level
 Sublimation of Blood     Necr           3%         N/A       22%         2
 Conjure Flame            Conj/Fire      3%         6-21      38%         3
 Dazzling Flash           Conj/Hex       6%         N/A       38%         3
 Ozocubu's Armour         Ice            3%         N/A       38%         3
 Iskenderun's Mystic Bla  Conj/Tloc      9%         2d4       61%         4
 Fulminant Prism          Conj/Hex       1%         3d6       80%         4
 Olgreb's Toxic Radiance  Pois           3%         N/A       80%         4
 Petrify                  Tmut/Erth      3%         N/A       80%         4
 Agony                    Necr           3%         N/A       98%         5
 Irradiate                Conj/Tmut      1%         3d12      98%         5
 Lee's Rapid Deconstruct  Erth           1%         3d5*      98%         5
 Silence                  Hex/Air        1%         N/A       98%         5
 Malign Gateway           Summ/Tloc      4%         N/A       100%        7
 Ozocubu's Refrigeration  Ice            1%         4d7       100%        7
 Ignition                 Fire           1%         3d3       100%        8


Dungeon Overview and Level Annotations

Branches:
Dungeon (11/15)            Temple (0/1) D:7            Lair (1/5) D:9
    Orc (1/2) D:9

Altars:
Dithmenos
Elyvilon
Gozag
Kikubaaqudgha
Makhleb
Sif Muna
Uskayaw

Shops:
D:2 (((?:   D:7 [?**

Annotations:
D:7 Maggie


Message History

You are too injured to fight recklessly!
You are too injured to fight recklessly!
You are too injured to fight recklessly!
You are too injured to fight recklessly!
You are too injured to fight recklessly!
Fire: a) +0 shortbow
Press: ? - help, Q - select action, (/) - cycle Shift-Dir - straight line, f/p - troll
Aim: a troll (heavily wounded, 70% to hit)
You shoot an arrow. The arrow hits the troll.
The troll is severely wounded.
The troll bites you!
* * * LOW HITPOINT WARNING * * *
The troll barely misses you. The troll misses you.
You feel better. The troll bites you!
* * * LOW HITPOINT WARNING * * *
The troll claws you but does no damage. The troll completely misses you.
Really quaff the potion of lignification?
You turn into a tree.
Your +0 cloak melds into your body.
Your +0 helmet melds into your body.
Your +0 pair of gloves melds into your body.
Your +2 pair of boots melds into your body.
Your +3 leather armour melds into your body.
Your roots penetrate the ground.
The troll bites you but does no damage. The troll claws you.
* * * LOW HITPOINT WARNING * * *
The troll completely misses you.
Fire: a) +0 shortbow
Press: ? - help, Q - select action, (/) - cycle Shift-Dir - straight line, f/p - troll
Aim: a troll (severely wounded, 70% to hit)
You shoot an arrow. The arrow barely misses the troll.
Fire: a) +0 shortbow
Press: ? - help, Q - select action, (/) - cycle Shift-Dir - straight line, f/p - troll
Aim: a troll (severely wounded, 70% to hit)
You shoot an arrow. The arrow hits the troll.
The troll is severely wounded.
The troll bites you!
* * * LOW HITPOINT WARNING * * *
The troll claws you but does no damage. The troll claws you.
You die...
Your body crumbles into a pile of gold.

#...........# #........###...
#...........######........##....
#...........##...)........#.....
#...........##.###........#....P
#...........#..# #..............
#............<## #......).......
#...........### #######......>.
#...........# ### ###.#).....
##########.(###♣# ##...#......
#.#.##T# #..####.....
##.##.#.#####'#####.....
#..###.....>......##....
######.#####...........###...
#.........###[.......<.'....#
#.........# #..........######
#.........###..........#
#...........#..........#


You could see a troll.

Vanquished Creatures
  Maurice (D:8)
  A troll (D:9)
  A blink frog (Lair:1)
  A wraith (D:9)
  5 wyverns
  16 yaks
  A steam dragon (D:4)
  Menkaure (D:6)
  5 wargs
  2 water moccasins (Lair:1)
  2 black bears (D:7)
  An ice beast (D:8)
  2 orc warriors (D:9)
  3 ogres
  3 centaurs
  A phantom (D:6)
  A kobold brigand (D:10)
  4 bullfrogs
  3 scorpions
  2 gnoll sergeants
  17 killer bees
  4 howler monkeys (D:10)
  A jelly (D:7)
  3 hounds
  7 orc priests
  3 iguanas
  9 orc wizards
  Ijyb (D:3)
  7 gnolls
  8 adders
  A shadow imp (D:5)
  2 white imps
  2 ufetubi (D:6)
  A worm (D:4)
  6 dart slugs
  25 orcs
  8 endoplasms
  4 giant cockroaches
  8 goblins
  5 hobgoblins
  8 jackals
  7 quokkas
  9 ball pythons
  4 bats
  9 kobolds
  7 rats
  A butterfly (D:8)
223 creatures vanquished.

Vanquished Creatures (others)
  4 fungi (Lair:1)
  5 plants
9 creatures vanquished.

Grand Total: 232 creatures vanquished

Notes
Turn   | Place    | Note
-------+----------+-------------------------------------------
     0 | D:1      | Klosterheim the Deep Elf Hunter began the quest for the
                  | Orb.
     0 | D:1      | Reached XP level 1. HP: 12/12 MP: 3/3
    76 | D:1      | Reached XP level 2. HP: 10/17 MP: 4/4
   549 | D:1      | Reached XP level 3. HP: 21/21 MP: 5/5
   665 | D:1      | Reached skill level 6 in Ranged Weapons
   680 | D:1      | Found a faded altar of an unknown god.
   828 | D:1      | Got the Essays on the Shifting Pyre
   890 | D:2      | Found Paubaac's Antique Weapon Shoppe.
   898 | D:2      | You fall into a shaft and drop 1 floor!
  1006 | D:3      | Noticed Ijyb
  1045 | D:3      | Paralysed by Ijyb for 4 turns
  1046 | D:3      | Killed Ijyb
  1047 | D:3      | Reached XP level 4. HP: 26/26 MP: 6/6
  1288 | D:3      | Reached skill level 7 in Ranged Weapons
  1288 | D:3      | Reached XP level 5. HP: 11/30 MP: 7/7
  1522 | D:2      | Found Juser Elonips's Book Shop.
  1538 | D:2      | Found Etwuskeh's Magic Scroll Shoppe.
  1766 | D:2      | Found Peeropn's Weapon Boutique.
  1825 | D:2      | Found Ubeutog Jite's Antique Weapon Emporium.
  2957 | D:4      | Reached skill level 8 in Ranged Weapons
  2957 | D:4      | Reached XP level 6. HP: 35/35 MP: 8/8
  3028 | D:4      | Noticed a steam dragon
  3206 | D:5      | Entered Level 5 of the Dungeon
  3514 | D:5      | Reached skill level 9 in Ranged Weapons
  3581 | D:5      | Reached skill level 5 in Stealth
  3647 | D:5      | Found a hide-covered altar of Uskayaw.
  3650 | D:5      | Found a burning altar of Makhleb.
  3650 | D:5      | Found a shimmering blue altar of Sif Muna.
  3781 | D:5      | Found a shadowy altar of Dithmenos.
  3858 | D:5      | Found an opulent altar of Gozag.
  3870 | D:5      | Became a worshipper of Gozag Ym Sagoz the Greedy
  3889 | D:5      | Reached XP level 7. HP: 35/40 MP: 9/9
  4197 | D:6      | Noticed Menkaure
  4202 | D:6      | Killed Menkaure
  4203 | D:6      | Reached skill level 10 in Ranged Weapons
  4327 | D:6      | Reached skill level 1 in Armour
  5141 | D:6      | Identified the +2 cloak "Mikk" {Rampage *Slow rN+++ rCorr}
  5281 | D:6      | Noticed a wyvern
  5288 | D:6      | Killed a wyvern
  5289 | D:6      | Reached XP level 8. HP: 28/44 MP: 10/10
  6102 | D:4      | Reached skill level 11 in Ranged Weapons
  6378 | D:7      | Found an ancient bone altar of Kikubaaqudgha.
  6384 | D:7      | Found a staircase to the Ecumenical Temple.
  6448 | D:7      | Found Ecyreveb's General Store.
  6470 | D:7      | Reached skill level 12 in Ranged Weapons
  6686 | D:7      | HP: 1/44 [wyvern (10)]
  6691 | D:7      | Found Gad Asse's Armour Shop.
  6955 | D:7      | Bought a +2 pair of boots for 198 gold pieces
  6970 | D:7      | Found Numid's Magic Scroll Shop.
  7006 | D:7      | Noticed Maggie
  7007 | D:7      | Reached skill level 13 in Ranged Weapons
  7249 | D:7      | Found Jeecux Munag's General Store.
  7261 | D:7      | Bought a scroll of identify for 30 gold pieces
  7277 | D:7      | Bought a scroll of blinking for 105 gold pieces
  8047 | D:8      | Noticed Maurice
  8196 | D:9      | Reached XP level 9. HP: 43/48 MP: 11/11
  8304 | D:9      | Reached skill level 14 in Ranged Weapons
  8359 | D:9      | Reached skill level 15 in Ranged Weapons
  8609 | D:9      | Found a staircase to the Lair.
  8730 | D:9      | Found a staircase to the Orcish Mines.
  8857 | D:9      | HP: 2/48 [spore (33)]
  8858 | D:9      | Reached skill level 16 in Ranged Weapons
  9092 | D:9      | Reached skill level 5 in Dodging
  9774 | D:9      | Reached XP level 10. HP: 17/53 MP: 12/12
 10616 | D:8      | Killed Maurice
 10694 | D:8      | Found a white marble altar of Elyvilon.
 11242 | D:7      | Learned a level 6 spell: Dispersal
 11367 | D:10     | Entered Level 10 of the Dungeon
 11606 | Lair:1   | Entered Level 1 of the Lair of Beasts
 11836 | D:10     | Reached skill level 1 in Spellcasting
 11855 | D:10     | Reached skill level 1 in Translocations
 12771 | Lair:1   | Noticed a black mamba
 13073 | Orc:1    | Entered Level 1 of the Orcish Mines
 13090 | Orc:1    | Reached XP level 11. HP: 57/57 MP: 17/17
 13633 | Orc:1    | Reached skill level 10 in Dodging
 13766 | D:9      | HP: 1/85 [troll (10)]
 13766 | D:9      | Slain by a troll

Illustrated notes

Levels and vault maps discovered:
D:1:      minmay_arrival_open_corners, layout_loops_cross,
          chequers_ecumenical_altar_simple, minmay_misc_feat_rugged,
          minmay_misc_feat_five, minmay_door_square
D:2:      layout_basic, serial_shops, nicolae_shop_hallway_stairs,
          nicolae_shop_bloodbath_and_beyond, nicolae_shop_advertising_works
          [nicolae_subvault_shop_adworks], shop, nicolae_shop_window_shopping
D:3:      layout_loops_ring, minmay_fountain_box, uniq_ijyb
D:4:      kennysheep_spiral_hall, layout_rooms, serial_rivers,
          chequers_serial_rivers_marsh, chequers_serial_rivers_micro_b,
          chequers_serial_rivers_micro_b, chequers_serial_rivers_small_a
D:5:      layout_basic, grunt_temple_overflow_open,
          mainiacjoe_overflow_six_doors_small, mainiacjoe_overflow_tiny_flanked
D:6:      layout_layer_cave, uniq_menkaure
D:7:      layout_rooms, amcnicky_altar_gilded, temple_statues, serial_shops,
          nicolae_shop_hallway_plus, shop, shop_fountains,
          nicolae_shop_waterfront, uniq_maggie
D:8:      layout_basic, nicolae_elyvilon_peaceful_grove, serial_aquarium,
          aquarium_bridge_square [aquarium_subvault_bridge,
          aquarium_subvault_balcony, aquarium_subvault_wall,
          aquarium_subvault_bridge], aquarium_window_fake, aquarium_window_3,
          aquarium_window_2, aquarium_window_double, aquarium_view_2d,
          aquarium_view_4, uniq_maurice
D:9:      layout_roguey, erik_lair_orcish_takeover, orc_0_dummy
D:10:     layout_loops_ring
D:11:     layout_stronghold, gauntlet_entry_generic
Lair:1:   layout_small_grid, nicolae_quartered_pool_super
Orc:1:    layout_caves, uniq_erolcha

Skill      XL: |  1  2  3  4  5  6  7  8  9 10 11 |
---------------+----------------------------------+-----
Stealth        | 2 3 4 5 6 9 |  9.0
Dodging        | 3 4 7 9 10 | 10.0
Fighting       | 2 |  2.0
Ranged Weapons | 6 7 8 9 10 13 16 | 16.0
Armour         | 2 4 |  4.0
Spellcasting   | 3 |  3.7
Translocations | 2 |  2.9

Action                   |  1- 3 |  4- 6 |  7- 9 | 10-12 || total
-------------------------+-------+-------+-------+-------++-------
 Fire: Shortbow          |    86 |   181 |   442 |   426 ||  1135
Invok: Potion Petition   |       |       |     1 |       ||     1
  Use: Scroll            |     1 |     9 |     8 |     3 ||    21
       Potion            |       |       |     5 |     5 ||    10
Armor: Leather armour    |     4 |    25 |    81 |    54 ||   164
       Skin              |       |       |       |     2 ||     2
Dodge: Dodged            |    11 |    36 |   156 |   127 ||   330

Table legend: (Time is in decaauts)
 A = Elapsed time spent in this place.
 B = Non-inter-level travel time spent in this place.
 C = Inter-level travel time spent in this place.
 D = Time resting spent in this place.
 E = Time spent auto-exploring this place.
 F = Levels seen in this place.
 G = Mean time per level.
                   A        B        C        D        E       F      G
               +--------+--------+--------+--------+--------+-----+--------+
         Total |  13677 |  12222 |   1455 |   3903 |   5924 |  13 | 1052.1 |
       Dungeon |  13264 |  11817 |   1447 |   3837 |   5790 |  11 | 1205.8 |
          Lair |    216 |    212 |      4 |     33 |     82 |   1 |  216.0 |
  Orcish Mines |    196 |    193 |      3 |     32 |     52 |   1 |  196.0 |
               +--------+--------+--------+--------+--------+-----+--------+

Top non-repeatable levels by time:
     D:9: 3153 daAuts
     D:7: 1518 daAuts
     D:6: 1510 daAuts
     D:3: 1242 daAuts
     D:8: 1137 daAuts
    D:10: 1027 daAuts
     D:4: 975 daAuts
     D:5: 965 daAuts
     D:1: 916 daAuts
     D:2: 815 daAuts
  Lair:1: 216 daAuts
   Orc:1: 196 daAuts
    D:11: 1 daAuts
